 Dungeon Crawl Stone Soup version 0.26.0-45-g9c1d065592 (webtiles) character file.

Game seed: 6500302971351090847

433152 sahdkjhfkaj the Severer (level 23, -6/174 HPs)
             Began as an Octopode Fighter on Jan 27, 2021.
             Was an Initiate of Gozag.
             Shot with a bolt by a yaktaur captain (31 damage)
             ... on level 5 of the Vaults.
             The game lasted 01:49:27 (68720 turns).

sahdkjhfkaj the Severer (Octopode Fighter)         Turns: 68720, Time: 01:49:27

Health: -6/174     AC: 15    Str: 29    XL:     23   Next: 95%
Magic:  35/35      EV: 31    Int: 16    God:    Gozag
Gold:   397        SH: 35    Dex: 23    Spells: 27/38 levels left

rFire    + . .     SeeInvis .   a - +10 broad axe of Dissolution {freeze, rF+}
rCold    + . .     Faith    .   T - +8 tower shield
rNeg     . . .     Spirit   .   q - +2 hat
rPois    .         Reflect  +   N - amulet of reflection
rElec    +         Harm     .   k - ring "Casyoh" {Int+6 Dex+5}
rCorr    .         Rampage  .   d - +4 ring of protection
Will     ++...                  p - +6 ring of strength
Stlth    ++++......             V - +4 ring of protection
HPRegen  0.39/turn              U - +4 ring of protection
MPRegen  0.24/turn              K - ring "Ylo Zism" {+Fly rElec rC+ Str+6 Int-2}
                                M - ring of willpower
                                O - +4 ring of evasion

@: gold aura
A: almost no armour, stealthy swim, amphibious, 8 rings, constrict 8, camouflage
1, gelatinous body 1
}: 2/15 runes: decaying, serpentine
a: Renounce Religion, Evoke Flight, Potion Petition, Call Merchant, Bribe Branch


You were on level 5 of the Vaults.
You worshipped Gozag.
Gozag was aware of your devotion.
You visited 9 branches of the dungeon, and saw 41 of its levels.
You visited the Abyss 1 time.
You also visited: Wizlab.

You collected 23197 gold pieces.
You spent 4711 gold pieces at shops.
You paid 18089 gold pieces to Gozag.

Inventory:

Hand Weapons
 a - the +10 broad axe of Dissolution (weapon) {freeze, rF+}
   (You bought it in a shop on level 2 of the Orcish Mines)

   It has been specially enchanted to freeze those struck by it, causing extra
   injury to most foes and up to half again as much damage against particularly
   susceptible opponents.
   It can also slow down cold-blooded creatures.
   It protects you from fire.
 b - a +1 broad axe of flaming
Missiles
 A - a throwing net (quivered) {!f}
Armour
 q - a +2 hat (worn)
 T - a +8 tower shield (worn)
Jewellery
 d - a +4 ring of protection (right tentacle)
 k - the ring "Casyoh" (left tentacle) {Int+6 Dex+5}
   (You took it off a deep elf mage on level 3 of the Elven Halls)

   [ring of intelligence]

   It affects your intelligence (+6).
   It affects your dexterity (+5).
 p - a +6 ring of strength (on tentacle)
 w - an uncursed ring of see invisible
 I - an uncursed ring of wizardry
 K - the ring "Ylo Zism" (on tentacle) {+Fly rElec rC+ Str+6 Int-2}
   (You bought it in a shop on level 3 of the Lair of Beasts)

   [ring of strength]

   It affects your strength (+6).
   It affects your intelligence (-2).
   It protects you from cold.
   It insulates you from electricity.
   It lets you fly.
 M - a ring of willpower (on tentacle)
 N - an amulet of reflection (around mantle)
 O - a +4 ring of evasion (on tentacle)
 U - a +4 ring of protection (on tentacle)
 V - a +4 ring of protection (on tentacle)
Wands
 l - a wand of paralysis (11)
 s - a wand of enslavement (32)
 F - a wand of digging (17)
 G - a wand of random effects (55)
 J - a wand of iceblast (37)
 L - a wand of acid (11)
Scrolls
 f - 14 scrolls of identify
 m - a scroll of teleportation {!r}
 r - 3 scrolls of fear
 t - 9 scrolls of amnesia
 v - 5 scrolls of immolation
 x - 8 scrolls of fog
 y - 8 scrolls of enchant weapon
 z - 15 scrolls of remove curse
 B - a scroll of silence {!r}
 C - 4 scrolls of magic mapping
 E - 3 scrolls of vulnerability
 S - 7 scrolls of brand weapon
 W - a scroll of holy word {!r}
 X - 3 scrolls of enchant armour
 Z - a scroll of summoning {!r}
Potions
 c - a potion of might
 e - a potion of magic
 g - 4 potions of berserk rage
 h - 4 potions of haste
 i - 7 potions of flight
 j - 6 potions of mutation
 n - 6 potions of curing
 o - a potion of attraction
 u - 7 potions of brilliance
 H - 5 potions of lignification
 Q - a potion of invisibility
 R - 2 potions of resistance
Miscellaneous
 D - a phantom mirror
 P - a condenser vane


   Skills:
 - Level 19.0 Fighting
 - Level 20.0 Axes
 + Level 16.1 Dodging
 - Level 4.0 Stealth
 - Level 14.0 Shields
 - Level 8.0 Spellcasting
 - Level 15.0 Transmutations
 - Level 15.0 Earth Magic
 - Level 5.0 Evocations


You had 27 spell levels left.
You knew the following spells:

 Your Spells              Type           Power        Failure   Level
b - Wereblood             Tmut           53%          1%          2
c - Leda's Liquefaction   Hex/Erth       15%          21%         4
d - Confusing Touch       Hex            6%           80%         3
s - Slow                  Hex            6%           56%         2

Your spell library contained the following spells:

 Spells                   Type           Power        Failure   Level
 Sting                    Tmut/Pois      100%         1%          1
 Petrify                  Tmut/Erth      53%          1%          4
 Hydra Form               Tmut           26%          14%         6
 Ignite Poison            Fire/Tmut/Pois 22%          17%         3
 Corona                   Hex            6%           41%         1
 Freeze                   Ice            24%          41%         1
 Magic Dart               Conj           24%          41%         1
 Shock                    Conj/Air       24%          41%         1
 Yara's Violent Unravell  Hex/Tmut       15%          50%         5
 Blink                    Tloc           N/A          56%         2
 Call Imp                 Summ           6%           56%         2
 Ensorcelled Hibernation  Hex/Ice        12%          56%         2
 Poisonous Vapours        Pois/Air       12%          56%         2
 Swiftness                Air            6%           56%         2
 Dragon Form              Tmut           26%          63%         7
 Conjure Flame            Conj/Fire      6%           80%         3
 Dazzling Flash           Conj/Hex       12%          80%         3
 Gell's Gravitas          Tloc           3%           80%         3
 Inner Flame              Hex/Fire       6%           80%         3
 Lesser Beckoning         Tloc           3%           80%         3
 Mephitic Cloud           Conj/Pois/Air  6%           80%         3
 Portal Projectile        Hex/Tloc       12%          80%         3
 Static Discharge         Conj/Air       6%           80%         3
 Teleport Other           Tloc           6%           80%         3
 Tukima's Dance           Hex            6%           80%         3
 Bolt of Magma            Conj/Fire/Erth 11%          85%         5
 Iron Shot                Conj/Erth      15%          97%         6
 Airstrike                Air            3%           99%         4
 Animate Dead             Necr           3%           99%         4
 Cause Fear               Hex            3%           99%         4
 Olgreb's Toxic Radiance  Pois           6%           99%         4
 Passage of Golubria      Tloc           N/A          99%         4
 Sticky Flame             Conj/Fire      6%           99%         4
 Summon Lightning Spire   Summ/Air       6%           99%         4
 Iskenderun's Battlesphe  Conj           6%           100%        5
 Lightning Bolt           Conj/Air       3%           100%        5
 Metabolic Englaciation   Hex/Ice        3%           100%        5
 Silence                  Hex/Air        3%           100%        5
 Conjure Ball Lightning   Conj/Air       3%           100%        6
 Dispersal                Tloc           3%           100%        6
 Orb of Destruction       Conj           3%           100%        7
 Spellforged Servitor     Conj/Summ      3%           100%        7
 Disjunction              Tloc           3%           100%        8
 Tornado                  Air            3%           100%        9


Dungeon Overview and Level Annotations

Branches:
Dungeon (15/15)            Temple (1/1) D:4            Lair (6/6) D:9
  Swamp (4/4) Lair:4        Snake (4/4) Lair:2        Slime (0/5) Lair:5
    Orc (2/2) D:11            Elf (3/3) Orc:2        Vaults (5/5) D:13
  Crypt (0/3) Vaults:2     Depths (1/5) D:15         WizLab (visited)

Altars:
Ashenzari
Cheibriados
Dithmenos
Elyvilon
Fedhas
Gozag
Hepliaklqana
Kikubaaqudgha
Makhleb
Nemelex Xobeh
Okawaru
Qazlal
Ru
Sif Muna
Trog
Uskayaw
Vehumet
Wu Jian
Xom
Yredelemnul
Zin
The Shining One

Shops:
D:4 }   D:5 (   D:6 [   D:10 *   D:11 (*   D:13 ::   Orc:2 }[!*(   Elf:3 (}
Lair:2 =*   Lair:3 =}   Lair:4 :   Lair:6 :   Snake:2 =*?   Vaults:2 :
Vaults:3 *   Vaults:4 (

Portals:
Trove: D:11 (give 6 scrolls of fear)

Annotations:
Elf:2 3 runed translucent doors


Innate Abilities, Weirdness & Mutations

You cannot wear most types of armour.
You are very stealthy in the water. (Stealth+)
You are amphibious.
You can wear up to eight rings at the same time.
You can use your tentacles to constrict eight enemies at once.
Your skin changes colour to match your surroundings (Stealth+).
Your rubbery body absorbs attacks. (AC +1, EV +1)


Message History

You reflect the stone off an invisible shield around you!
The stone barely misses the orc knight.
You slash the shadow dragon!
You kill the shadow dragon!
Unknown command.
The yaktaur captain shoots a bolt.
You reflect the bolt off an invisible shield around you!
The bolt barely misses the yaktaur captain.
The orc knight throws a stone.
You reflect the stone off an invisible shield around you!
The stone hits the orc knight!
You see here 19 gold pieces.
You now have 397 gold pieces (gained 19).
The orc knight throws a stone.
You reflect the stone off an invisible shield around you!
The stone hits the orc knight but does no damage.
An orc sorcerer comes into view. It is wielding a +0 dagger.
The yaktaur captain shoots a bolt.
The bolt hits you!!
You die...
Your body crumbles into a pile of gold.

##################
................@#
...............(.#
###########.#....#
#.#...# #.#.#..#
#.#.#.o.#
#o#c#.#..#
.#}#.##o.# #.#.#
#(.#


You could see a yaktaur captain, an orc knight, an orc sorcerer (strong) and an
orc.

Vanquished Creatures
  Mennas (Vaults:4)
  A royal mummy (WizLab)
  Frederick (Vaults:4)
  A golden dragon (Vaults:5)
  5 titans (Vaults:5)
  3 deep elf master archers
  3 deep elf blademasters
  Frances (D:13)
  A thorn hunter (Swamp:4)
  The ghost of pkoi the Brawler, an adept MiFi of Ashenzari (Elf:1)
  2 ancient champions (Vaults:4)
  2 sphinxes (Vaults:5)
  Kirke (D:13)
  2 shadow dragons (Vaults:5)
  Donald (Swamp:4)
  2 fire giants (Vaults:3)
  3 storm dragons (Vaults:5)
  The ghost of Yamstis the Nimble, an adept GnMo of Makhleb (D:15)
  The ghost of Asceticacid the Nimble, an adept GnGl of Makhleb (Swamp:1)
  9 nagarajas
  5 tengu reavers
  23 vault wardens
  4 frost giants
  An iron dragon (Vaults:5)
  A fire giant (shapeshifter) (Vaults:5)
  8 deep elf sorcerers (Elf:3)
  An orc warlord (Orc:2)
  A war gargoyle (Vaults:5)
  A juggernaut zombie (WizLab)
  4 deep elf elementalists
  12 ironheart preservers
  5 stone giants
  A vampire knight (Vaults:4)
  5 deep elf demonologists
  A minotaur (Orc:2)
  An entropy weaver (Vaults:4)
  8 deep elf annihilators
  Azrael (Elf:1)
  3 bunyips
  7 deep elf death magi
  An ettin (Vaults:5)
  7 eleionomae
  A quicksilver dragon zombie (WizLab)
  A fire dragon (Vaults:4)
  A mummy priest (WizLab)
  Josephine (D:13)
  2 shambling mangroves (Swamp:4)
  4 deep elf high priests
  5 yaktaur captains
  Harold (D:7)
  A great orb of eyes (Vaults:1)
  2 ice dragons
  2 rakshasas (Vaults:2)
  12 boulder beetles
  35 vault guards
  18 naga warriors
  21 hydras
  3 ghost crabs
  28 two-headed ogres
  A queen ant (shapeshifter) (Vaults:4)
  13 centaur warriors
  A catoblepas (Lair:6)
  An alligator (shapeshifter) (Vaults:5)
  10 ogre magi
  6 alligators
  21 anacondas
  A death knight (Vaults:3)
  The ghost of Hehehe the Thaumaturge, a journeyman DECj of Vehumet (Orc:2)
  2 tengu warriors
  8 death yaks
  A deep troll shaman (D:15)
  The ghost of thiole the Fighter, a novice OpWz of Gozag (D:11)
  A titan zombie (Vaults:4)
  Urug (Lair:2)
  4 shock serpents (Snake:4)
  11 naga sharpshooters
  An orc high priest (Orc:2)
  A soul eater (Abyss:3)
  A thrashing horror (Elf:3)
  Nergalle (Lair:4)
  10 deep elf knights
  2 salamander mystics (Snake:2)
  2 skeletal warriors (Vaults:3)
  13 deep trolls
  A shadow wraith (Vaults:4)
  10 naga ritualists
  4 spriggan druids
  An unseen horror (D:15)
  4 goliath frogs
  A golden dragon zombie (WizLab)
  6 bog bodies
  7 wizards
  14 deep elf archers
  A flayed ghost (Vaults:3)
  14 swamp dragons
  17 ironbrand convokers
  A lindwurm (Lair:4)
  Pikel (D:4)
  A harpy (shapeshifter) (D:13)
  12 orc knights
  3 necromancers
  A phantasmal warrior (Vaults:3)
  34 ugly things
  5 wolf spiders
  8 mana vipers
  10 salamanders
  A manticore (shapeshifter) (Vaults:4)
  8 cyclopes
  41 deep elf magi
  5 oklob plants
  An orc sorcerer (Vaults:4)
  3 will-o-the-wisps
  2 moths of wrath (Elf:1)
  4 manticores
  2 smoke demons (Abyss:3)
  10 elephants
  3 centaur zombies
  15 guardian serpents
  10 vault sentinels
  3 demonspawn zombies (WizLab)
  20 naga magi
  27 black mambas
  The ghost of kaeus the Firebug, a novice GrFE (D:7)
  11 cane toads
  A yaktaur zombie (WizLab)
  6 rime drakes
  A kobold demonologist (D:15)
  11 komodo dragons
  An efreet (D:15)
  51 yaktaurs
  4 freezing wraiths
  3 guardian mummies (WizLab)
  A tengu conjurer (D:15)
  2 ice devils (D:12)
  3 bloated husks
  A human skeleton (Vaults:4)
  9 polar bears
  A troll (shapeshifter) (Elf:1)
  14 trolls
  23 slime creatures
  9 tyrant leeches
  24 blink frogs
  An ancient zyme (Abyss:3)
  A slime creature (shapeshifter) (Vaults:1)
  2 ettin zombies (WizLab)
  20 hornets
  5 dream sheep (Lair:6)
  A deep troll zombie (WizLab)
  4 air elementals
  25 spriggans
  2 centaur simulacra (D:11)
  3 redbacks (Vaults:4)
  2 ynoxinuls (Abyss:3)
  A water elemental (Elf:3)
  2 vampires
  A redback (shapeshifter) (Vaults:5)
  13 wraiths
  2 wyverns
  3 basilisks
  7 fire elementals
  3 shadows
  A human (shapeshifter) (D:14)
  62 yaks
  A chaos spawn (Abyss:3)
  17 humans (D:13)
  A wyvern (shapeshifter) (Vaults:2)
  5 hogs (D:13)
  3 vampire mosquitoes
  8 wargs
  60 nagas
  18 swamp worms
  A soldier ant (shapeshifter) (Vaults:1)
  An infernal demonspawn zombie (WizLab)
  2 acid dragons
  20 water moccasins
  6 swamp drakes
  27 orc warriors
  8 sky beasts
  9 ice beasts
  6 black bears
  A deep troll skeleton (Vaults:4)
  An ice dragon simulacrum (Vaults:1)
  A necrophage (D:14)
  An eye of draining (D:12)
  16 wolves (Lair:6)
  47 ogres
  3 boggarts (Lair:6)
  27 centaurs
  2 lemures
  3 human zombies
  A big kobold (D:8)
  An earth elemental (Elf:1)
  26 bullfrogs
  A wyvern zombie (D:6)
  2 gnoll sergeants
  A wyvern skeleton (D:14)
  3 scorpions
  8 killer bees
  6 electric eels
  10 wights
  4 howler monkeys
  2 human simulacra
  8 crimson imps (D:10)
  6 hounds
  A wyvern simulacrum (D:7)
  5 jellies
  A bullfrog skeleton (D:5)
  3 small abominations (Abyss:3)
  20 orc priests
  A gnoll shaman (D:4)
  7 iguanas
  Natasha (thrice) (D:2)
  27 orc wizards
  6 worker ants
  A hound zombie (D:5)
  A hound skeleton (D:7)
  A howler monkey zombie (D:7)
  19 gnolls
  3 howler monkey skeletons
  16 adders
  A shadow imp (D:4)
  10 white imps
  2 ufetubi
  An ooze (D:4)
  3 adder skeletons
  An adder zombie (D:6)
  4 worms
  A dart slug (D:2)
  An adder simulacrum (D:7)
  7 leopard geckos
  118 orcs
  3 bats
  3 giant cockroaches
  12 goblins
  10 hobgoblins
  9 jackals
  16 kobolds
  8 quokkas
  7 frilled lizards
  A jackal skeleton (D:4)
  A leopard gecko simulacrum (D:7)
  12 rats
  5 briar patches (Swamp:4)
  A bush (Lair:6)
1771 creatures vanquished.

Vanquished Creatures (collateral kills)
  2 slime creatures (D:13)
  A phantom (D:13)
3 creatures vanquished.

Vanquished Creatures (others)
  An eleionoma (Swamp:3)
  18 dancing weapons
  An alligator (Swamp:4)
  A shadow wraith (Vaults:5)
  A goliath frog (Swamp:1)
  A spriggan druid (Swamp:3)
  2 deep elf magi
  A fire giant zombie (Vaults:5)
  A will-o-the-wisp (Swamp:2)
  4 bloated husks
  A spriggan (Swamp:1)
  A water elemental (Elf:1)
  A naga (Snake:3)
  2 swamp drakes (Swamp:4)
  3 briar patches (Swamp:4)
  A bush (Lair:6)
  12 foxfires
  32 fungi
  61 plants
  4 withered plants (D:4)
149 creatures vanquished.

Grand Total: 1923 creatures vanquished

Notes
Turn   | Place    | Note
-------+----------+-------------------------------------------
     0 | D:1      | sahdkjhfkaj the Octopode Fighter began the quest for the
                  | Orb.
     0 | D:1      | Reached XP level 1. HP: 16/16 MP: 1/1
   249 | D:1      | Reached XP level 2. HP: 12/21 MP: 2/2
   676 | D:1      | Reached skill level 3 in Axes
  1144 | D:2      | Reached XP level 3. HP: 13/26 MP: 3/3
  1389 | D:2      | Reached skill level 4 in Axes
  1589 | D:2      | Reached XP level 4. HP: 29/31 MP: 4/4
  2440 | D:2      | Reached XP level 5. HP: 36/36 MP: 5/5
  2490 | D:2      | Noticed Natasha
  2500 | D:2      | Killed Natasha
  2819 | D:2      | Noticed Natasha
  2830 | D:2      | Killed Natasha
  3086 | D:2      | Noticed Natasha
  3091 | D:2      | Killed Natasha
  3225 | D:3      | Reached XP level 6. HP: 2/42 MP: 6/6
  3226 | D:3      | HP: 3/63 [orc (1)]
  3672 | D:3      | Reached skill level 5 in Axes
  3787 | D:3      | Noticed an orc warrior
  3850 | D:3      | Killed an orc warrior
  4569 | D:4      | Found a staircase to the Ecumenical Temple.
  4588 | D:4      | Reached skill level 6 in Axes
  4593 | Temple   | Entered the Ecumenical Temple
  4968 | Temple   | Became a worshipper of Gozag Ym Sagoz the Greedy
  5056 | D:4      | Found a blossoming altar of Fedhas.
  5122 | D:4      | Found Teim's Gadget Boutique.
  5148 | D:4      | Reached XP level 7. HP: 46/46 MP: 7/7
  5270 | D:4      | Reached skill level 5 in Dodging
  5802 | D:5      | Entered Level 5 of the Dungeon
  5807 | D:5      | Noticed Pikel
  5904 | D:4      | Killed Pikel
  5905 | D:4      | Reached skill level 5 in Shields
  5905 | D:4      | Reached skill level 7 in Axes
  5905 | D:4      | Reached XP level 8. HP: 46/52 MP: 8/8
  5952 | D:4      | Found an ancient bone altar of Kikubaaqudgha.
  6351 | D:5      | Reached skill level 8 in Axes
  6647 | D:5      | Found a snail-covered altar of Cheibriados.
  6649 | D:5      | Found an iron altar of Okawaru.
  6650 | D:5      | Found a radiant altar of Vehumet.
  6650 | D:5      | Found a broken altar of Ashenzari.
  6652 | D:5      | Found a shadowy altar of Dithmenos.
  6652 | D:5      | Found a bloodstained altar of Trog.
  6654 | D:5      | Found a sparkling altar of Nemelex Xobeh.
  6806 | D:5      | Found Wopnuug's Weapon Shoppe.
  6813 | D:5      | Reached skill level 9 in Axes
  7233 | D:5      | Reached XP level 9. HP: 56/56 MP: 9/9
  8021 | D:6      | Found Jier's Armour Boutique.
  8563 | D:7      | Noticed kaeus's ghost (novice GrFE)
  8584 | D:7      | Reached skill level 10 in Axes
  8868 | D:7      | Found a runed translucent gate.
  8868 | D:7      | Found a runed translucent gate.
  8959 | D:7      | Noticed Harold
  9001 | D:7      | Killed Harold
  9083 | D:7      | Reached skill level 11 in Axes
  9084 | D:7      | Reached XP level 10. HP: 22/63 MP: 10/10
  9302 | D:7      | You fall into a shaft and drop 3 floors!
  9302 | D:10     | Entered Level 10 of the Dungeon
  9306 | D:10     | Found Kuestus's General Store.
  9782 | D:9      | Found a sacrificial altar of Ru.
  9797 | D:9      | Noticed a manticore
  9816 | D:9      | Killed a manticore
  9817 | D:9      | Reached skill level 12 in Axes
  9952 | D:9      | Found a staircase to the Lair.
 11027 | D:7      | Found a runed translucent gate.
 11076 | D:7      | Reached skill level 5 in Fighting
 11076 | D:7      | Reached skill level 1 in Stealth
 11491 | D:8      | Noticed a two-headed ogre
 12653 | D:9      | Got a scorched battleaxe
 12653 | D:9      | Identified the +4 battleaxe "Ithuhec" {spect, rF+ Str+2
                  | Int+3} (You found it on level 9 of the Dungeon)
 12843 | D:9      | Learned a level 2 spell: Slow
 12859 | D:9      | Found an opulent altar of Gozag.
 13679 | D:10     | Reached skill level 13 in Axes
 13696 | D:10     | Reached XP level 11. HP: 49/71 MP: 11/11
 14150 | D:9      | Noticed a cyclops
 14174 | D:9      | Killed a cyclops
 14501 | D:11     | Found Icicap's Assorted Antiques.
 14514 | D:11     | Found a portal to a secret trove of treasure.
 14582 | D:11     | Noticed a manticore
 14830 | D:11     | Killed a manticore
 14838 | D:11     | Reached skill level 14 in Axes
 14865 | D:11     | Found a staircase to the Orcish Mines.
 14946 | D:11     | Found a runed translucent gate.
 14947 | D:11     | Found a runed translucent gate.
 14948 | D:11     | Found a runed translucent gate.
 15000 | D:11     | Noticed thiole's ghost (novice OpWz)
 15082 | D:11     | Found Leal Dall's Weapon Shop.
 15375 | D:11     | Found a glowing golden altar of the Shining One.
 15772 | Lair:1   | Entered Level 1 of the Lair of Beasts
 16375 | Lair:1   | Reached skill level 1 in Evocations
 16838 | Lair:2   | Reached skill level 5 in Evocations
 16838 | Lair:2   | Reached XP level 12. HP: 60/81 MP: 12/12
 17062 | Lair:2   | Found a staircase to the Snake Pit.
 17274 | Lair:2   | Noticed Urug
 17303 | Lair:2   | Killed Urug
 18269 | Lair:3   | Noticed a death yak
 18302 | Lair:3   | Noticed a death yak
 18305 | Lair:3   | Noticed a death yak
 18339 | Lair:2   | Killed a death yak
 18820 | Lair:2   | Killed a death yak
 18821 | Lair:2   | Reached skill level 10 in Fighting
 18826 | Lair:2   | Killed a death yak
 18920 | Lair:2   | Bought 2 scrolls labelled KIHIEQ POPNERPHU for 44 gold
                  | pieces
 18920 | Lair:2   | Acquired 314 gold pieces
 18922 | Lair:2   | Acquired 1261 gold pieces
 18964 | Lair:3   | Bought the ring "Ylo Zism" {+Fly rElec rC+ Str+6 Int-2} for
                  | 1006 gold pieces
 19345 | Lair:4   | Reached XP level 13. HP: 48/95 MP: 13/13
 19543 | Lair:4   | Noticed Nergalle
 19551 | Lair:4   | Killed Nergalle
 20651 | Lair:4   | Found a staircase to the Swamp.
 21793 | Lair:6   | Entered Level 6 of the Lair of Beasts
 22578 | Lair:5   | Reached XP level 14. HP: 45/107 MP: 14/14
 22821 | Lair:5   | Learned a level 3 spell: Confusing Touch
 22996 | Lair:6   | Reached skill level 10 in Dodging
 23389 | Lair:6   | Reached skill level 10 in Shields
 24420 | Lair:6   | Reached skill level 15 in Fighting
 25550 | Lair:6   | Bought a book of Debilitation for 640 gold pieces
 25555 | Lair:6   | Learned a level 4 spell: Leda's Liquefaction
 25782 | D:12     | Reached skill level 15 in Axes
 25882 | D:12     | Found a radiant altar of Vehumet.
 25980 | D:12     | Reached XP level 15. HP: 98/116 MP: 15/15
 26738 | D:13     | Noticed Kirke
 26747 | D:13     | Noticed a sphinx
 26750 | D:13     | Killed Kirke
 27328 | D:13     | Noticed Josephine
 27344 | D:13     | Reached skill level 16 in Axes
 27344 | D:13     | Killed Josephine
 27397 | D:13     | Noticed Frances
 27407 | D:13     | Killed Frances
 28356 | D:13     | Found a gate to the Vaults.
 29152 | D:14     | Reached skill level 17 in Axes
 29314 | D:14     | Reached XP level 16. HP: 116/124 MP: 16/16
 29982 | D:15     | Entered Level 15 of the Dungeon
 30142 | D:15     | Found a runed translucent gate.
 30142 | D:15     | Found a runed translucent gate.
 30142 | D:15     | Found a runed translucent gate.
 30144 | D:15     | Noticed Yamstis's ghost (adept GnMo)
 30543 | D:15     | Found a staircase to the Depths.
 31440 | D:7      | Killed kaeus's ghost
 31500 | D:7      | Got the ring of Midwinter {Fire}
 31513 | D:7      | Identified the ring of Midwinter {Fire Str+3} (You found it
                  | on level 7 of the Dungeon)
 31785 | D:11     | Killed thiole's ghost
 31872 | Orc:1    | Entered Level 1 of the Orcish Mines
 32255 | Orc:2    | Entered Level 2 of the Orcish Mines
 32340 | Orc:2    | Found a dark tunnel.
 32360 | Orc:2    | Found Zidwico's Distillery.
 32758 | Orc:2    | Found a runed translucent gate.
 32758 | Orc:2    | Found a runed translucent gate.
 32758 | Orc:2    | Found a runed translucent gate.
 32758 | Orc:2    | Found Yklyfebo's Gadget Shop.
 32758 | Orc:2    | Found an iron altar of Okawaru.
 32758 | Orc:2    | Noticed Hehehe's ghost (journeyman DECj)
 32763 | Orc:2    | Bought a condenser vane for 560 gold pieces
 32773 | Orc:2    | Identified the +7 shortbow of a Thousand Blessings {freeze,
                  | +Blink Str+2}
 32924 | Orc:2    | Reached skill level 18 in Axes
 32969 | Orc:2    | Found a staircase to the Elven Halls.
 33375 | Orc:2    | Found Mecaz's Weapon Emporium.
 33378 | Orc:2    | Found Suis's Antique Armour Boutique.
 33386 | Orc:2    | Found Gilac's Assorted Antiques.
 33707 | Orc:2    | Bought the +10 broad axe of Dissolution {freeze, rF+} for
                  | 1139 gold pieces
 33973 | Swamp:1  | Entered Level 1 of the Swamp
 34393 | Swamp:1  | Noticed Asceticacid's ghost (adept GnGl)
 34395 | Swamp:1  | Found a runed translucent gate.
 34395 | Swamp:1  | Found a runed translucent gate.
 34395 | Swamp:1  | Found a runed translucent gate.
 35841 | Swamp:1  | Reached XP level 17. HP: 91/129 MP: 17/17
 36002 | Swamp:2  | Reached skill level 19 in Axes
 37595 | Swamp:4  | Entered Level 4 of the Swamp
 37595 | Swamp:4  | Noticed Donald
 37600 | Swamp:4  | Killed Donald
 41309 | Swamp:4  | Got a decaying rune of Zot
 41668 | Vaults:1 | Entered Level 1 of the Vaults
 41769 | Vaults:1 | Reached XP level 18. HP: 135/135 MP: 18/18
 41941 | Vaults:1 | Reached skill level 20 in Axes
 42301 | Vaults:1 | Reached skill level 1 in Earth Magic
 42746 | Vaults:1 | Paralysed by an ogre mage for 7 turns
 43156 | Vaults:1 | Reached skill level 5 in Earth Magic
 43789 | Vaults:2 | Reached skill level 1 in Transmutations
 43914 | Vaults:2 | Found a staircase to the Crypt.
 44360 | Vaults:2 | Noticed a Tzitzimitl
 44364 | Vaults:2 | Reached XP level 19. HP: 68/144 MP: 19/19
 45929 | Vaults:3 | Reached skill level 10 in Earth Magic
 46074 | Vaults:3 | Reached skill level 5 in Transmutations
 46751 | Vaults:3 | Reached skill level 1 in Spellcasting
 47228 | Vaults:3 | Bought a scroll of enchant armour for 90 gold pieces
 47520 | Vaults:3 | Reached XP level 20. HP: 151/151 MP: 24/24
 48134 | Vaults:4 | Noticed Frederick
 48145 | Vaults:4 | Killed Frederick
 48147 | Vaults:4 | Found Nidu's Weapon Shoppe.
 49125 | Vaults:4 | Noticed Mennas
 49157 | Vaults:4 | Killed Mennas
 49407 | Vaults:4 | Reached skill level 10 in Transmutations
 49947 | Vaults:5 | Entered Level 5 of the Vaults
 50263 | Snake:1  | Entered Level 1 of the Snake Pit
 51600 | Snake:2  | Found Dohuo's Magic Scroll Boutique.
 51627 | Snake:2  | Bought a scroll of blinking for 120 gold pieces
 51745 | Snake:2  | Reached XP level 21. HP: 140/156 MP: 25/25
 52602 | Snake:2  | Found Ruigyrer's Retail Resort.
 54130 | Snake:4  | Entered Level 4 of the Snake Pit
 55765 | Snake:4  | Reached skill level 5 in Spellcasting
 56817 | Snake:4  | Got a serpentine rune of Zot
 57168 | Depths:1 | Entered Level 1 of the Depths
 57420 | D:15     | Killed Yamstis's ghost
 57771 | Lair:5   | Found a staircase to the Slime Pits.
 58517 | Swamp:1  | Reached XP level 22. HP: 86/163 MP: 32/32
 58520 | Swamp:1  | Killed Asceticacid's ghost
 59183 | Orc:2    | Killed Hehehe's ghost
 59298 | Elf:1    | Entered Level 1 of the Elven Halls
 59377 | Elf:1    | Found a magical portal.
 59386 | WizLab   | Entered Doroklohe's Tomb
 59675 | WizLab   | Noticed a royal mummy
 59685 | WizLab   | Killed a royal mummy
 60317 | Elf:1    | Noticed Azrael
 60329 | Elf:1    | Killed Azrael
 60561 | Elf:1    | Found a bloodstained altar of Trog.
 60561 | Elf:1    | Noticed pkoi's ghost (adept MiFi)
 60562 | Elf:1    | Found a transporter.
 60562 | Elf:1    | Identified the +9 rapier of Xushuri {vorpal, MP+9 Str+5
                  | Int+4}
 60562 | Elf:1    | Identified the +5 quick blade of Wihi {vorpal, rPois rC+
                  | rN++ Int-4}
 60563 | Elf:1    | Identified the +10 longbow "Qinager" {flame, *Slow rF++
                  | Str+2 Dex+3}
 60564 | Elf:1    | Identified the +10 rapier of Terra Cotta {vorpal, rF++ rC+}
 60564 | Elf:1    | Identified the +8 rapier "Xexudis Qoph" {vorpal, Stlth+}
 60854 | Lair:4   | Bought the Handbook of Unstable Unholy Arts for 612 gold
                  | pieces
 60857 | Lair:4   | Learned a level 2 spell: Wereblood
 61410 | Elf:1    | Found a transporter.
 61824 | Elf:1    | Reached skill level 15 in Earth Magic
 61832 | Elf:1    | Killed pkoi's ghost
 62475 | Snake:2  | Bought an uncursed ring of willpower for 500 gold pieces
 63112 | Elf:2    | Found a runed translucent gate.
 63112 | Elf:2    | Found a runed translucent gate.
 63113 | Elf:2    | Found a runed translucent gate.
 63396 | Elf:3    | Entered Level 3 of the Elven Halls
 63544 | Elf:3    | Found Ciegg's Gadget Emporium.
 63544 | Elf:3    | Found Gooj's Weapon Shoppe.
 64715 | Elf:3    | Reached skill level 15 in Transmutations
 64814 | Elf:3    | Identified the +5 flail "Uhuunuce" {vorpal, rElec rN+
                  | Int+2}
 64814 | Elf:3    | Identified the amulet "Pumuss" {RegenMP rC+ Slay+2}
 64904 | Elf:3    | Identified the +0 leather armour of the Tired Spirits {Harm
                  | Stlth+}
 64943 | Elf:3    | Cast into level 3 of the Abyss (a deep elf sorcerer)
 64943 | Abyss:3  | Found a corrupted altar of Lugonu.
 65342 | Abyss:3  | Reached XP level 23. HP: 170/171 MP: 35/35
 65896 | Abyss:3  | Found a corrupted altar of Lugonu.
 65925 | Elf:3    | Escaped the Abyss
 66145 | Elf:3    | Identified the +9 hand axe "Dixat" {vorpal, *Corrode +Inv
                  | rF+}
 66145 | Elf:3    | Identified the +5 falchion of Lust {pain, SInv}
 66182 | Elf:3    | Identified the +7 trident of Lagioj {protect, Int+3}
 66207 | Elf:3    | Identified the ring "Casyoh" {Int+6 Dex+5}
 66331 | Elf:3    | Identified the Catalogue of Fiery Malediction
 66866 | Vaults:5 | Reached skill level 15 in Dodging
 66932 | Vaults:5 | Identified the +1 robe "Lax Cycvoemp" {Int+4}
 67903 | Vaults:5 | Identified the Incunabulum of Classification
 67989 | Vaults:5 | HP: 5/148 [shadow dragon/bolt of negative energy (26)]
 68007 | Vaults:5 | HP: 7/148 [orc wizard/magic dart[an orc knight] (4)]
 68527 | Vaults:5 | Noticed a golden dragon
 68537 | Vaults:5 | Killed a golden dragon
 68720 | Vaults:5 | Shot with a bolt by a yaktaur captain

Illustrated notes

Levels and vault maps discovered:
D:1:      dpeg_arrival_rooms_b, layout_basic, serial_glass, glass_columns_a,
          glass_columns_c
D:2:      layout_loops_ring, minmay_increasing_density, uniq_natasha
D:3:      layout_basic, minmay_misc_feat_tower, minmay_misc_feat_chi,
          serial_park_tiny_1
D:4:      layout_basic, kiku_gazebo_garden_becter, fedhas_altar_2,
          minmay_temple_entry_grid, serial_shops, nicolae_shop_window_shopping,
          grunt_ministairs_1
D:5:      layout_cave_pools, grunt_temple_overflow_open, serial_shops,
          nicolae_shop_stone, kennysheep_small_circle, uniq_pikel
D:6:      layout_cave_pools, serial_park, serial_park_tiny_pond,
          lightli_sewer_entry_pipes, serial_shops, nicolae_shop_statue_plus
D:7:      layout_gridville, gammafunk_ghost_icy, uniq_harold
D:8:      layout_gridville
D:9:      cheibrodos_elevator_heist, layout_layer_cave,
          nicolae_overflow_crystal_walls, david_lair_shrubbed, serial_glass,
          glass_columns_a, glass_columns_c, glass_columns_b, glass_columns_b,
          glass_columns_a, grunt_gozag_statues
D:10:     layout_basic, serial_rivers, chequers_serial_rivers_small_b,
          chequers_serial_rivers_large_a, chequers_serial_rivers_room_b,
          chequers_serial_rivers_room_b, serial_shops, shop, minmay_nine_imps
D:11:     layout_loops_ring, erik_orc_1, serial_shops, kennysheep_little_box,
          shop, gammafunk_ghost_icy, enter_trove_3, lemuel_centaur_altar
D:12:     layout_big_octagon, portal_ice_cave_demonic_guard,
          serial_column_ruins, column_ruins_hut_pillars,
          column_ruins_temple_circle, column_ruins_corridor_dead_end,
          column_ruins_open_tiny, column_ruins_corridor_dead_end,
          column_ruins_grid_4, column_ruins_columns_T, nrook_mini_backslash
D:13:     layout_loops_cross, grunt_vaults_entry_tiered, eino_tiny_chamber,
          nicolae_twisting_strands, uniq_josephine, uniq_frances, uniq_kirke
D:14:     cheibrodos_fzero, layout_irregular_city, kennysheep_decorative_pillar
D:15:     grunt_enter_depths_snipers, layout_basic, ebering_ghost_rock_garden,
          chequers_decorated_corner, nrook_uturn
Temple:   minmay_temple_forest_path
Lair:1:   layout_gridlike, grunt_megastairs_1
Lair:2:   layout_cellular_growth, guppyfry_snake_entry_island, uniq_urug
Lair:3:   layout_big_grid, infiniplex_staircase_pool_2, lemuel_fruit_tree
Lair:4:   nzn_winding_woodlands_small [nzn_winding_woodlands_5x15_split_checker,
          nzn_winding_woodlands_center_triple_pond,
          nzn_winding_woodlands_5x15_cabin], layout_cave_pods,
          nicolae_swamp_entry_splash_gauntlet, uniq_nergalle
Lair:5:   layout_regular_city, minmay_slime_entry_oklob_enclosed, minivault_19
Lair:6:   minmay_lair_end_enchanted_forest, layout_regular_city,
          serial_bayou_shore_a
Swamp:1:  layout_basic_swamp, gammafunk_ghost_split, serial_swamp_ruin,
          evilmike_swamp_ruin_house_3, evilmike_swamp_ruin_house_2,
          evilmike_swamp_ruin_rubble_2
Swamp:2:  layout_basic_swamp, nicolae_swamp_round_clearing
Swamp:3:  layout_basic_swamp, nicolae_swamp_triple_paths, swamp_pool3
Swamp:4:  swamp_basic_johnstein, layout_basic_swamp, uniq_donald
Snake:1:  layout_chambers, special_room, nicolae_large_snake_swirl,
          serial_bayou_shore_b, grunt_megastairs_3
Snake:2:  layout_layer_cave, serial_shops, shop, nicolae_alphabet_shops
Snake:3:  layout_onion
Snake:4:  grunt_snake_rune_serpentine_throne, layout_basic, serial_bayou_pond_e
Orc:1:    layout_caves
Orc:2:    st_orc_open, layout_caves, gammafunk_ghost_fury_of_okawaru,
          enter_volcano_4, serial_shops, nicolae_shop_statue_plus
Elf:1:    layout_onion_city, mu_enter_wizlab_3,
          gammafunk_ghost_wrathful_warriors, minivault_28, uniq_azrael
Elf:2:    layout_geoelf_octagon
Elf:3:    minmay_elf_hall_curves, layout_geoelf_castle, minmay_shoptagon
Vaults:1: v_rooms_3, vaults_room_door_hall, grunt_vaults_focal,
          ontoclasm_vaults_fault, st_cross, nicolae_vaults_ring_of_whatevers,
          hangedman_vaults_stretched_pinwheel, hangedman_vaults_hat,
          grunt_vaults_hallway_long, nicolae_vaults_yaktaur_gun_rack,
          grunt_vaults_twisty, vaults_room_pool,
          nicolae_vaults_ring_of_whatevers, nicolae_vaults_border_crossing,
          layout_vaults_ring
Vaults:2: nicolae_vaults_stairing_the_circle, vaults_room_boxed, v_misc_8,
          v_misc_1, ontoclasm_vaults_ligature, minmay_crypt_entry_simple_walls,
          v_misc_18, v_misc_1, nicolae_vaults_circle_grid_b, v_misc_5,
          v_alt_pattern_4, ontoclasm_vaults_tryst, nicolae_vaults_shelves_hall,
          layout_vaults_maze_bifur
Vaults:3: ontoclasm_vaults_shuriken, nicolae_vaults_halls_meeting, v_misc_8,
          nicolae_vaults_network_periphery, hangedman_vaults_corner_blocks,
          ontoclasm_vaults_gateway, vaults_room_pool, vaults_room_fours,
          nicolae_vaults_ninety_degrees, layout_vaults_omnigrid
Vaults:4: nicolae_vaults_network_square, sword_in_stone, vaults_mumra_chevron,
          v_misc_8, nicolae_vaults_mini_display_case, vaults_room_grid,
          vaults_dpeg_encased_lava, nicolae_vaults_asterisk,
          nicolae_vaults_little_squares_6, vaults_room_fours,
          layout_vaults_chaotic_city, serial_shops, shop, uniq_mennas
Vaults:5: serial_shops
Depths:1: layout_twisted_cross, rand_demon_pan_entry_5, hell_entry,
          serial_sigils_hangedman_scratch, minivault_16,
          hangedman_cracks_in_the_wall, minmay_shop_star

Skill      XL: |  1  2  3  4  5  6  7  8  9 10 11 12 13 14 15 16 17 18 19 20 21 22 23 |
---------------+----------------------------------------------------------------------+-----
Axes           | 3 4 6 7 9 11 13 14 15 17 18 19 20 | 20.0
Dodging        | 4 5 6 7 8 9 10 11 13 14 16 | 16.1
Shields        | 4 5 6 7 8 9 10 11 12 13 14 | 14.0
Fighting       | 5 7 11 13 15 16 17 18 19 | 19.0
Stealth        | 4 |  4.0
Evocations     | 5 |  5.0
Earth Magic    | 6 10 13 14 15 | 15.0
Transmutations | 4 8 11 13 15 | 15.0
Spellcasting   | 3 7 8 |  8.0

Action                   |  1- 3 |  4- 6 |  7- 9 | 10-12 | 13-15 | 16-18 | 19-21 | 22-24 || total
-------------------------+-------+-------+-------+-------+-------+-------+-------+-------++-------
Melee: War axe           |    56 |   140 |    18 |       |       |       |       |       ||   214
       Constrict         |    11 |    37 |    66 |    88 |   102 |    96 |    93 |   105 ||   598
       Tentacles         |     6 |    23 |    75 |   203 |   263 |   277 |   358 |   269 ||  1474
       Hand axe          |       |       |   244 |   591 |       |       |       |       ||   835
       Demon whip        |       |       |       |    10 |       |       |       |       ||    10
       Broad axe         |       |       |       |   143 |   783 |   941 |  1039 |   654 ||  3560
 Cast: Confusing Touch   |       |       |       |       |     1 |       |       |       ||     1
       Wereblood         |       |       |       |       |       |       |       |    48 ||    48
Invok: Potion Petition   |       |       |       |     1 |       |     2 |     2 |     7 ||    12
       Call Merchant     |       |       |       |     3 |     2 |     3 |     2 |       ||    10
Evoke: Wand              |       |       |     1 |     3 |     7 |     2 |     3 |     3 ||    19
       Condenser vane    |       |       |       |       |       |     3 |     3 |     3 ||     9
  Use: Potion            |     1 |     3 |     2 |     8 |       |     6 |     4 |     9 ||    33
       Scroll            |       |     6 |     1 |    22 |     3 |    14 |     5 |    19 ||    70
 Stab: Sleeping          |     5 |     4 |     7 |    26 |    18 |    24 |    25 |     9 ||   118
       Distracted        |       |       |       |     3 |     9 |     9 |    17 |     5 ||    43
       Confused          |       |       |       |     1 |       |       |     1 |     4 ||     6
       Betrayed ally     |       |       |       |       |     1 |       |       |       ||     1
       Paralysed         |       |       |       |       |       |       |       |     1 ||     1
Armor: Skin              |     3 |    31 |    48 |   100 |    52 |    81 |    60 |    35 ||   410
Dodge: Dodged            |    22 |    69 |   119 |   337 |   392 |   315 |   260 |   179 ||  1693
Block: Kite shield       |    27 |    74 |   119 |   304 |   519 |       |       |       ||  1043
       Reflection        |       |       |       |       |    14 |    49 |   170 |    63 ||   296
       Tower shield      |       |       |       |       |   111 |   992 |  1106 |   664 ||  2873
